 Dungeon Crawl Stone Soup version 0.29.1-12-g30fa7ad0bf (webtiles) character file.

Game seed: 15591789320002200331

264 Peloso the Slasher (level 5, 0/47 HPs)
             Began as a Minotaur Fighter on Jan 13, 2023.
             Succumbed to Duvessa's poison
             ... on level 6 of the Dungeon.
             The game lasted 00:11:01 (3276 turns).

Peloso the Slasher (Minotaur Fighter)               Turns: 3276, Time: 00:11:02

Health: 0/47       AC: 12    Str: 20    XL:     5   Next: 98%
Magic:  4/4        EV:  8    Int:  5    God:
Gold:   270        SH:  9    Dex: 12    Spells: 4/4 levels left

rFire   + . .      SeeInvis .   a - +0 long sword
rCold   . . .      Faith    .   d - +0 kite shield
rNeg    . . .      Spirit   .   b - +0 scale mail
rPois   .          Reflect  .   (helmet restricted)
rElec   .          Harm     .   (no cloak)
rCorr   .          Rampage  .   (no gloves)
Will    .....                   j - +0 pair of boots
Stlth   ..........              r - amulet of regeneration
HPRegen 0.95/turn               l - +4 ring of protection
MPRegen 0.09/turn               i - ring of protection from fire

@: lethally poisoned (0 -> -6), lit by a corona, glowing
A: horns 2, retaliatory headbutt
a: no special abilities


You were on level 6 of the Dungeon.
You visited 2 branches of the dungeon, and saw 8 of its levels.

You collected 270 gold pieces.

Inventory:

Hand Weapons
 a - a +0 long sword (weapon)
Armour
 b - a +0 scale mail (worn)
 c - a +0 buckler
 d - a +0 kite shield (worn)
 j - a +0 pair of boots (worn)
Jewellery
 f - an amulet of magic regeneration
 i - a ring of protection from fire (right hand)
 l - a +4 ring of protection (left hand)
 q - a ring of protection from fire
 r - an amulet of regeneration (around neck)
Wands
 g - a wand of polymorph (8)
Scrolls
 e - 2 scrolls of amnesia
 h - 2 scrolls of fear {unknown}
 k - a scroll of brand weapon {unknown}
 n - a scroll of enchant weapon {unknown}
 o - 2 scrolls of teleportation {unknown}
Potions
 m - 2 potions of heal wounds
 p - a potion of curing {unknown}


   Skills:
 + Level 4.3 Fighting
 + Level 5.0 Long Blades
 + Level 5.0 Armour
 + Level 0.9 Dodging
 + Level 0.5 Stealth
 + Level 4.8 Shields


You had 4 spell levels left.
You didn't know any spells.
Your spell library contained the following spells:

 Spells                   Type           Power      Damage    Failure   Level
 Freeze                   Ice            0%         1d3       99%         1
 Summon Small Mammal      Summ           0%         N/A       99%         1
 Poisonous Vapours        Pois/Air       0%         N/A       99%         2
 Call Canine Familiar     Summ           0%         N/A       100%        3
 Stone Arrow              Conj/Erth      0%         3d7       100%        3
 Summon Guardian Golem    Hex/Summ       0%         N/A       100%        3
 Animate Armour           Summ/Erth      0%         N/A       100%        4
 Olgreb's Toxic Radiance  Pois           0%         N/A       100%        4
 Summon Ice Beast         Ice/Summ       0%         N/A       100%        4
 Lehudib's Crystal Spear  Conj/Erth      0%         10d2      100%        8
 Polar Vortex             Ice            0%         N/A       100%        9


Dungeon Overview and Level Annotations

Branches:
Dungeon (7/15)             Temple (1/1) D:4

Altars:
Ashenzari
Cheibriados
Dithmenos
Fedhas
Hepliaklqana
Qazlal
Ru
Sif Muna
Trog
Uskayaw
Wu Jian
Xom
Yredelemnul
Zin

Annotations:
D:4 2 runed translucent doors, vvl's ghost, amateur HuCA
D:6 Dowan; Duvessa


Innate Abilities, Weirdness & Mutations

You have a pair of horns on your head.
You reflexively headbutt those who attack you in melee.


Message History

You feel very sick.
You closely miss Duvessa. You headbutt Duvessa!
Duvessa is moderately wounded.
You feel very sick.
Duvessa zaps a wand.
The puff of flame hits you. You resist. You block Duvessa's attack.
You closely miss Duvessa. Your headbutt misses Duvessa.
Duvessa is moderately wounded.
You feel very sick. You block Duvessa's attack.
Dowan gestures wildly while chanting.
Dowan blinks!
Duvessa hits you but does no damage.
You hit Duvessa.
Duvessa is moderately wounded.
You feel sick. Duvessa hits you but does no damage.
You are more poisoned.
Dowan points at you and mumbles some strange words.
You block the puff of flame. Duvessa hits you but does no damage.
You are more poisoned.
You slash Duvessa!
Duvessa is severely wounded.
You feel very sick. You block Duvessa's attack.
You hit Duvessa but do no damage. You headbutt Duvessa.
Duvessa is severely wounded.
You feel very sick. Duvessa hits you but does no damage.
You are more poisoned.
Duvessa hits you with a +4 rapier of venom!
Dowan casts a spell.
Dowan blinks!
You barely miss Duvessa.
Duvessa is severely wounded.
You feel very sick.
Duvessa hits you with a +4 rapier of venom!
* * * LOW HITPOINT WARNING * * *
Duvessa zaps a wand.
You block the puff of flame.
You hit Duvessa.
Duvessa is severely wounded.
You die...

....................
....................
....................
.
....................
....................
.........e.........
#########......#####
#......e...#
#.....@#...#
#......#e..#
#......#...+
#......#.<.#
#......#####
########


You could see Duvessa (fast) and Dowan.

Vanquished Creatures
  A bullfrog (D:7)
  Ijyb (D:2)
  Terence (D:2)
  4 adders
  A white imp (D:6)
  An ufetubus (D:6)
  A worm (D:3)
  6 dart slugs
  9 orcs
  4 ball pythons
  3 bats
  11 endoplasms
  A giant cockroach (D:4)
  3 goblins
  5 hobgoblins
  4 kobolds
  7 quokkas
  2 frilled lizards
  7 rats
72 creatures vanquished.

Notes
Turn   | Place    | Note
-------+----------+-------------------------------------------
     0 | D:1      | Peloso the Minotaur Fighter began the quest for the Orb.
     0 | D:1      | Reached XP level 1. HP: 19/19 MP: 0/0
   187 | D:1      | Reached XP level 2. HP: 26/27 MP: 1/1
   444 | D:1      | Reached XP level 3. HP: 32/33 MP: 2/2
  1064 | D:2      | Noticed Terence
  1075 | D:2      | Killed Terence
  1076 | D:2      | Reached XP level 4. HP: 33/40 MP: 3/3
  1190 | D:2      | Found a faded altar of an unknown god.
  1190 | D:2      | Noticed an eye of devastation
  1192 | D:2      | Noticed a floating eye
  1192 | D:2      | Noticed a shining eye
  1192 | D:2      | Noticed a shining eye
  1428 | D:2      | Found a bloodstained altar of Trog.
  1518 | D:3      | Noticed Ijyb
  1631 | D:2      | Killed Ijyb
  1822 | D:2      | Reached XP level 5. HP: 44/46 MP: 4/4
  1980 | D:3      | Found an ornate altar of the Wu Jian Council.
  2424 | D:4      | Found a staircase to the Ecumenical Temple.
  2435 | Temple   | Entered the Ecumenical Temple
  2563 | D:4      | Found a large runed translucent door.
  2564 | D:4      | Found a large runed translucent door.
  2573 | D:4      | Noticed vvl's ghost (amateur HuCA)
  2767 | D:4      | You fall into a shaft and drop 3 floors!
  2790 | D:7      | Reached skill level 5 in Long Blades
  2993 | D:6      | Reached skill level 5 in Armour
  3088 | D:6      | Got the Spellbook of Septic Hoarfrost
  3158 | D:6      | Noticed an orc warrior
  3261 | D:5      | Entered Level 5 of the Dungeon
  3261 | D:5      | Noticed Duvessa
  3261 | D:5      | Noticed Dowan
  3276 | D:6      | Succumbed to Duvessa's poison

Illustrated notes

Levels and vault maps discovered:
D:1:      lightli_arrival_lavapool, layout_basic, grunt_decor_junction,
          minmay_hexomino_p4
D:2:      layout_rooms, basic_altar, hellmonk_ecumenical_altar_watching_god,
          uniq_terence
D:3:      layout_basic, nzn_wu_jian_council_hall, minmay_misc_feat_rugged,
          uniq_ijyb
D:4:      layout_cave_pods, minmay_temple_entry_mist,
          ebering_ghost_disaster_area, uniq_sigmund, uniq_menkaure
D:5:      layout_cave_pools, mainiacjoe_overflow_alcove_4, fiery_altar_vehumet,
          kennysheep_generic_room_3, uniq_edmund, uniq_pikel, uniq_duvessa
D:6:      layout_gridville, amcnicky_altar_gilded
D:7:      layout_gridville, serial_glass, glass_columns_b, glass_columns_b,
          kennysheep_decorative_pillar
Temple:   nicolae_temple_god_jail

Skill      XL: |  1  2  3  4  5 |
---------------+----------------+-----
Shields        | 4 |  4.8
Armour         | 4 5 |  5.0
Long Blades    | 3 4 5 |  5.0
Fighting       | 4 |  4.3
Dodging        | |  0.9
Stealth        | |  0.5

Action                   |  1- 3 |  4- 6 || total
-------------------------+-------+-------++-------
Melee: Long sword        |    71 |   123 ||   194
       Headbutt          |    14 |    19 ||    33
  Use: Scroll            |     2 |     2 ||     4
       Potion            |     1 |     1 ||     2
Armor: Scale mail        |    40 |    62 ||   102
Dodge: Dodged            |    40 |    40 ||    80
Block: Buckler           |    12 |       ||    12
       Kite shield       |    14 |    73 ||    87
